 Dungeon Crawl Stone Soup version 0.30.1-4-g462c640d31 (webtiles) character file.

Game seed: 2325428401848289756

22847 spardeous the Severer (level 12, -2/121 HPs)
             Began as a Minotaur Berserker on Aug 21, 2023.
             Was a High Priest of Trog.
             Slain by an ogre mage
             ... wielding a +0 halberd
              (9 damage)
             ... on level 13 of the Dungeon.
             The game lasted 00:15:58 (13923 turns).

spardeous the Severer (Minotaur Berserker)         Turns: 13923, Time: 00:15:58

Health: -2/121     AC: 12    Str: 27    XL:     12   Next: 66%
Magic:  11/11      EV: 12    Int:  4    God:    Trog [*****.]
Gold:   667        SH:  0    Dex: 10    Spells: 11/11 levels left

rFire   . . .        F - +4 battleaxe
rCold   . . .        (shield currently unavailable)
rNeg    . . .        y - +0 plate armour
rPois   .            (helmet restricted)
rElec   .            (no cloak)
rCorr   .            G - +0 pair of gloves
SInv    .            (no boots)
Will    .....        (no amulet) Stlth
                     g - +5 ring of evasion
HPRegen 0.40/turn    A - +4 ring of slaying
MPRegen 0.12/turn

%: no passive effects
@: mighty, on berserk cooldown, attractive, slowed, very slow
A: horns 2, retaliatory headbutt
a: Renounce Religion, Berserk, Trog's Hand, Brothers in Arms


You were on level 13 of the Dungeon.
You worshipped Trog.
Trog was extremely pleased with you.
You visited 1 branch of the dungeon, and saw 13 of its levels.
You also visited: Sewer.

You collected 667 gold pieces.

Inventory:

Hand Weapons
 h - a +3 heavy executioner's axe
 C - a +0 shortbow of freezing
 F - a +4 battleaxe (weapon)
Armour
 x - a +0 buckler
 y - a +0 plate armour (worn)
 E - a +1 chain mail of willpower
 G - a +0 pair of gloves (worn)
Jewellery
 g - a +5 ring of evasion (left hand)
 k - a ring of magical power
 p - a ring of protection from fire
 r - an amulet of magic regeneration
 A - a +4 ring of slaying (right hand)
 J - a ring of poison resistance
 P - a +6 ring of intelligence
Wands
 w - a wand of digging (5)
 M - a wand of iceblast (9)
 N - a wand of light (7)
 O - a wand of flame (9)
Scrolls
 a - 4 scrolls of fear
 b - 2 scrolls of vulnerability
 d - a scroll of immolation
 j - 6 scrolls of enchant armour
 n - 5 scrolls of fog
 o - 11 scrolls of teleportation
 v - a scroll of torment
 z - a scroll of noise
 H - 4 scrolls of amnesia
 I - 2 scrolls of poison
 K - 4 scrolls of enchant weapon
 Q - a scroll of silence
Potions
 c - a potion of lignification {unknown}
 e - 5 potions of flight {unknown}
 f - 5 potions of might
 i - a potion of brilliance
 l - 3 potions of mutation {unknown}
 m - 2 potions of curing
 q - 2 potions of attraction
 s - 4 potions of invisibility
 t - 6 potions of heal wounds {unknown}
 u - 4 potions of magic {unknown}
 B - 2 potions of berserk rage {unknown}
 D - 2 potions of degeneration {unknown}
 L - a potion of resistance {unknown}
 S - 2 potions of ambrosia {unknown}


   Skills:
 - Level 15.2 Fighting
 + Level 20.3 Axes
 - Level 2.4 Armour
 - Level 2.1 Dodging


You had 11 spell levels left.
You didn't know any spells.
Your spell library contained the following spells:

 Spells                   Type           Power      Damage    Failure   Level
 Ensorcelled Hibernation  Hex/Ice        0%         N/A       100%        2
 Spider Form              Tmut/Pois      0%         N/A       100%        3
 Anguish                  Hex/Necr       0%         N/A       100%        4


Dungeon Overview and Level Annotations

Branches:
Dungeon (13/15)            Temple (0/1) D:5            Lair (0/5) D:10
    Orc (0/2) D:12          Sewer (visited)
 Vaults: D:13-14

Altars:
Ashenzari
Cheibriados
Dithmenos
Gozag
Nemelex Xobeh
Vehumet
Xom
Yredelemnul
The Shining One

Shops:
D:12 *

Portals:
Trove: D:12 (give +8 demon blade)


Innate Abilities, Weirdness & Mutations

You have a pair of horns on your head.
You reflexively headbutt those who attack you in melee.


Message History

Unknown command.
You feel better. Something barely misses you. The slime creature hits you.
* * * LOW HITPOINT WARNING * * *
You regained 4 hp, and now have 47/121 hp.
You feel very mighty all of a sudden.
You carefully extract the barbed spikes from your body.
The slime creature hits you!
* * * LOW HITPOINT WARNING * * *
Something hits you.
* * * LOW HITPOINT WARNING * * *
An ogre mage comes into view. It is wielding a +0 halberd.
The ogre mage gestures wildly while chanting.
The ogre mage flickers and vanishes!
The slime creature misses you.
You take 18 damage, and have 29/121 hp.
It was a potion of attraction.
You feel attractive to monsters. Something hits you!
* * * LOW HITPOINT WARNING * * *
The slime creature barely misses you. Something is attracted toward you.
You take 15 damage, and have 14/121 hp.
Unknown command.
Okay, then.
Blink to where?
Press: ? - help, Dir - move target
As you read the scroll of blinking, it crumbles to dust.
Something is attracted toward you. x2
The five-headed hydra is attracted toward you.
Something hits you.
* * * LOW HITPOINT WARNING * * *
Something is attracted toward you.
You take 3 damage, and have 12/121 hp.
You closely miss something. Something hits you!
* * * LOW HITPOINT WARNING * * *
You take 11 damage, and have 1/121 hp.
Unknown command.
Okay, then.
Okay, then.
Okay, then.
You feel better. Something hits you!
You die...

...# ..... ####..#
....# §§p ##.#..##
...... #)# #....##
.....[# ##§## ##.###
....#..#
####.D.######..######
..###...
#....{...:##........#
..# ..
####...####.....#####
###. ##§##.#...)..#
.... #.{@...#....#
#### #.##......).#
.... ###.........#
...> #..........#
.^.. ............#
.... .............#
.... ................
~≈≈~ ~~~~~≈≈~≈≈~~≈~~~
≈≈≈≈ ≈≈≈≈≈~≈≈≈≈~


There were no monsters in sight!

Vanquished Creatures
  3 two-headed ogres
  3 boulder beetles
  Urug (D:13)
  Sonja (D:10)
  An ugly thing (D:12)
  3 deep elf pyromancers
  A cyclops (D:11)
  A manticore (D:13)
  Maggie (D:10)
  A gargoyle (D:12)
  Psyche (D:10)
  2 komodo dragons
  2 kobold demonologists (D:12)
  7 trolls
  2 hornets (D:9)
  5 slime creatures (D:13)
  4 shadows
  4 wraiths (D:10)
  2 yaks (D:10)
  4 vampires (D:10)
  A wyvern (D:8)
  A basilisk (D:11)
  4 steam dragons
  6 vampire mosquitoes
  3 wargs (D:13)
  An acid dragon (D:13)
  4 water moccasins
  A sky beast (D:7)
  2 black bears (D:5)
  3 ice beasts
  5 orc warriors
  3 ogres
  5 centaurs
  5 kobold brigands
  5 bullfrogs
  4 gnoll sergeants
  5 scorpions
  14 wights
  3 killer bees (D:7)
  2 electric eels (D:8)
  11 howler monkeys
  5 centaur zombies (D:10)
  4 orc priests
  5 jellies
  5 hounds
  2 gnoll boudas
  2 sleepcaps
  An iguana (D:5)
  12 orc wizards
  2 river rats (Sewer)
  12 adders
  18 gnolls
  2 shadow imps
  2 white imps
  A worm (D:2)
  3 dart slugs
  36 orcs
  10 ball pythons
  6 bats
  7 endoplasms
  3 giant cockroaches
  6 goblins
  6 hobgoblins
  2 jackals (D:1)
  26 kobolds
  8 quokkas
  7 frilled lizards
  18 rats
348 creatures vanquished.

Notes
Turn   | Place    | Note
-------+----------+-------------------------------------------
     0 | D:1      | spardeous the Minotaur Berserker began the quest for the
                  | Orb.
     0 | D:1      | Reached XP level 1. HP: 19/19 MP: 0/0
   123 | D:1      | Reached skill level 4 in Axes
   181 | D:1      | Reached XP level 2. HP: 23/26 MP: 1/1
   856 | D:1      | Reached skill level 5 in Axes
  1935 | D:2      | Reached XP level 3. HP: 31/31 MP: 2/2
  2314 | D:2      | Reached ** piety under Trog
  2393 | D:2      | Reached skill level 6 in Axes
  2393 | D:2      | Reached XP level 4. HP: 36/39 MP: 3/3
  2525 | D:2      | Found a faded altar of an unknown god.
  2811 | D:3      | Found a sparkling altar of Nemelex Xobeh.
  2904 | D:3      | Found a glowing drain.
  2958 | Sewer    | Entered a sewer
  3135 | Sewer    | Reached XP level 5. HP: 26/47 MP: 4/4
  3245 | Sewer    | Reached *** piety under Trog
  3251 | Sewer    | Reached skill level 5 in Fighting
  3251 | Sewer    | Reached skill level 7 in Axes
  3253 | Sewer    | Reached XP level 6. HP: 47/56 MP: 5/5
  3922 | D:3      | Found a snail-covered altar of Cheibriados.
  3935 | D:3      | Found a glowing golden altar of the Shining One.
  4487 | D:4      | Reached skill level 8 in Axes
  4487 | D:4      | Reached XP level 7. HP: 64/64 MP: 6/6
  4575 | D:4      | Reached **** piety under Trog
  4823 | D:4      | Found an opulent altar of Gozag.
  5038 | D:5      | Entered Level 5 of the Dungeon
  5054 | D:5      | Reached skill level 9 in Axes
  5163 | D:5      | Reached XP level 8. HP: 66/74 MP: 7/7
  5380 | D:5      | Reached skill level 10 in Axes
  5409 | D:5      | Identified the +1 leather armour "Joicwaw" {Harm rCorr
                  | Str-5 Int+5}
  5416 | D:5      | Found a staircase to the Ecumenical Temple.
  5805 | D:6      | Found a basalt altar of Yredelemnul.
  5806 | D:6      | Found a radiant altar of Vehumet.
  5808 | D:6      | You fall into a shaft and drop 3 floors!
  5820 | D:9      | Noticed a two-headed ogre
  5827 | D:9      | Killed a two-headed ogre
  5828 | D:9      | Reached skill level 10 in Fighting
  5828 | D:9      | Reached skill level 11 in Axes
  5828 | D:9      | Reached XP level 9. HP: 86/86 MP: 8/8
  5939 | D:9      | Paralysed by a hornet for 2 turns
  6093 | D:9      | Reached skill level 12 in Axes
  7086 | D:8      | Reached skill level 13 in Axes
  7133 | D:8      | Reached XP level 10. HP: 97/97 MP: 9/9
  7751 | D:7      | Reached ***** piety under Trog
  7793 | D:7      | Found a shimmering altar of Xom.
  8628 | D:6      | Reached skill level 14 in Axes
  9170 | D:10     | Entered Level 10 of the Dungeon
  9196 | D:10     | Noticed Maggie
  9204 | D:10     | Killed Maggie
  9405 | D:10     | Reached XP level 11. HP: 59/110 MP: 10/10
  9467 | D:10     | Reached skill level 15 in Axes
  9589 | D:10     | Found a broken altar of Ashenzari.
  9669 | D:10     | Found a staircase to the Lair.
  9706 | D:10     | Noticed Sonja
  9721 | D:10     | Killed Sonja
  9874 | D:10     | Reached skill level 15 in Fighting
 10320 | D:10     | Noticed a two-headed ogre
 10356 | D:10     | Killed a two-headed ogre
 10357 | D:10     | Reached skill level 16 in Axes
 10672 | D:10     | Noticed Psyche
 10676 | D:10     | Killed Psyche
 11041 | D:11     | Noticed a boulder beetle
 11051 | D:11     | Killed a boulder beetle
 11052 | D:11     | Reached skill level 17 in Axes
 11438 | D:11     | Found a shadowy altar of Dithmenos.
 11876 | D:12     | Found a staircase to the Orcish Mines.
 11885 | D:12     | Noticed a boulder beetle
 11901 | D:12     | Killed a boulder beetle
 12171 | D:12     | Noticed a soul eater
 12174 | D:12     | Reached XP level 12. HP: 115/121 MP: 11/11
 12176 | D:12     | Reached skill level 18 in Axes
 12379 | D:12     | Found Maixta's Assorted Antiques.
 12678 | D:12     | Found a portal to a secret trove of treasure.
 13369 | D:13     | Noticed a two-headed ogre
 13374 | D:13     | Reached skill level 19 in Axes
 13491 | D:13     | Noticed Urug
 13495 | D:13     | Noticed a two-headed ogre
 13497 | D:13     | Killed Urug
 13502 | D:13     | Killed a two-headed ogre
 13502 | D:13     | Reached ****** piety under Trog
 13852 | D:13     | Received a gift from Trog
 13897 | D:13     | Noticed a boulder beetle
 13898 | D:13     | Noticed an ogre mage
 13904 | D:13     | Killed a boulder beetle
 13905 | D:13     | Reached skill level 20 in Axes
 13905 | D:13     | Noticed a five-headed hydra
 13918 | D:13     | Noticed an ogre mage
 13922 | D:13     | HP: 1/121 [something (12)]
 13923 | D:13     | Slain by an ogre mage

Illustrated notes

Levels and vault maps discovered:
D:1:      elethiomel_arrival_shortcut, layout_basic
D:2:      layout_loops_corners, shapermc_ecumenical_altar_mp_urbaneastern
D:3:      layout_rooms, nemelex_spade_bored_becter,
          mainiacjoe_overflow_big_doors, gup_sewer_entry_glass, minmay_pentangle
D:4:      layout_basic, nicolae_gozag_cash_rules_everything_around_me,
          kennysheep_decorative_pillar
D:5:      layout_basic, minmay_temple_entry_mini_moons
D:6:      layout_loops_ring, grunt_temple_overflow_open
D:7:      layout_cave_pools, lemuel_round_altar
D:8:      layout_loops_ring, serial_bayou_lagoon_a
D:9:      layout_long_grid
D:10:     layout_irregular_city, nicolae_ashenzari_panopticon,
          grunt_lair_entry_orc_guard_hut, serial_undead, serial_undead_a,
          serial_undead_b, serial_undead_a, serial_undead_b, serial_undead_f,
          serial_undead_c, uniq_maggie, uniq_psyche, uniq_sonja
D:11:     layout_stronghold, gauntlet_entry_generic,
          nicolae_dithmenos_through_a_glass_darkly
D:12:     layout_stronghold, orc_0_dummy, trove_entry_hex_spiral, serial_shops,
          nicolae_shop_tiny_waterfront
D:13:     lemuel_castle_with_subvaults [lemuel_castle_interior_carwin_1],
          layout_irregular_city, david_vaults_5, skrybe_limestone_x,
          minmay_fractal_squares_gapless_7, uniq_urug

Skill      XL: |  1  2  3  4  5  6  7  8  9 10 11 12 |
---------------+-------------------------------------+-----
Axes           | 4 5 6 7 8 9 11 13 14 17 20 | 20.3
Fighting       | 4 5 6 7 10 12 14 15 | 15.2
Armour         | |  2.4
Dodging        | |  2.1

Action                     |  1- 3 |  4- 6 |  7- 9 | 10-12 || total
---------------------------+-------+-------+-------+-------++-------
  Melee: Hand axe          |    73 |    26 |       |       ||    99
         Headbutt          |     7 |    13 |    23 |    76 ||   119
         Punch             |     2 |     2 |       |       ||     4
         War axe           |       |   117 |   107 |       ||   224
         Battleaxe         |       |       |    46 |   334 ||   380
 Invoke: Berserk           |       |     2 |     2 |     5 ||     9
    Use: Scroll            |       |       |       |    16 ||    16
         Potion            |       |       |       |     4 ||     4
   Stab: Sleeping          |     4 |       |       |       ||     4
 Armour: Animal skin       |    11 |    11 |       |       ||    22
         Plate armour      |       |     2 |    56 |   133 ||   191
  Dodge: Dodged            |    59 |   144 |    87 |   195 ||   485
  Block: Buckler           |       |     2 |    10 |       ||    12
